 Dungeon Crawl Stone Soup version 0.27-a0-869-g165b36e3f0 (webtiles) character file.

Game seed: 9275624292751957036

35 n0claF the Skirmisher (level 3, -6/31 HPs)
             Began as a Ghoul Fighter on Apr 2, 2021.
             Mangled by a gnoll
             ... wielding a +1 flail of freezing
              (8 damage)
             ... on level 2 of the Dungeon.
             The game lasted 00:02:21 (1625 turns).

n0claF the Skirmisher (Ghoul Fighter)               Turns: 1625, Time: 00:02:21

Health: -6/31      AC:  6    Str: 20    XL:     3   Next: 35%
Magic:  2/2        EV:  7    Int:  3    God:
Gold:   69         SH:  8    Dex:  8    Spells: 2/2 levels left

rFire    . . .     SeeInvis .   a - +0 war axe
rCold    + . .     Faith    .   c - +0 kite shield
rNeg     + + +     Spirit   .   b - +0 scale mail
rPois    ∞         Reflect  .   (no helmet)
rElec    .         Harm     .   (no cloak)
rCorr    .         Rampage  .   (no gloves)
Will     .....                  (no boots)
Stlth    ..........             (no amulet)
HPRegen  0.00/turn              (no ring)
MPRegen  0.08/turn              (no ring)

@: no status effects
A: claws 1, cold resistance 1, negative energy resistance 3, inhibited
regeneration, torment resistance 2, unbreathing 1
a: no special abilities


You were on level 2 of the Dungeon.
You visited 1 branch of the dungeon, and saw 2 of its levels.

You collected 69 gold pieces.

Inventory:

Hand Weapons
 a - a +0 war axe (weapon)
Armour
 b - a +0 scale mail (worn)
 c - a +0 kite shield (worn)
Jewellery
 e - an amulet of magic regeneration {!d}
   (You found it on level 2 of the Dungeon)
 f - an amulet of guardian spirit
   (You found it on level 1 of the Dungeon)
Scrolls
 h - a scroll of noise {unknown}
 i - a scroll of immolation {unknown}
Potions
 d - a potion of might
 g - 2 potions of berserk rage {unknown}


   Skills:
 + Level 3.6 Fighting
 * Level 2.5 Axes
 + Level 2.9 Armour
 + Level 3.0 Shields


You had 2 spell levels left.
You didn't know any spells.
Your spell library was empty.

Dungeon Overview and Level Annotations

Branches:
Dungeon (2/15)

Altars:


Innate Abilities, Weirdness & Mutations

You thrive by killing the living.
You are immune to poison.
You have sharp fingernails.
Your flesh is cold resistant. (rC+)
You are immune to negative energy. (rN+++)
You do not regenerate when monsters are visible.
You are immune to unholy pain and torment.
You can survive without breathing.


Message History

The ball python constricts you.
The ball python bites you but does no damage.
The ball python constricts you.
You slash the ball python!
You kill the ball python!
Found a stone staircase leading down.
A kobold comes into view. It is wielding a +0 short sword.
The kobold shouts!
There is a stone staircase leading down here.
The kobold hits you with a +0 short sword.
You completely miss the kobold. The kobold barely misses you.
You slash the kobold!
You kill the kobold!
You feel better.
No target in view!
No target in view!
No target in view!
Things that are here:
a +0 short sword; a kobold corpse You open the door. 2 jackals and a gnoll come into view.
The gnoll is wielding a +1 flail of freezing.
The jackal barks!
The gnoll shouts!
The jackal barks!
The jackal bites you but does no damage.
You block the jackal's attack.
There is an open door here.
You slash the jackal!
You kill the jackal!
You hit the bush but do no damage. You hit the bush.
You barely miss the jackal.
The jackal bites you but does no damage.
You block the jackal's attack.
The gnoll hits you with a +1 flail of freezing.
The jackal bites you but does no damage.
You closely miss the gnoll. You hit the jackal.
You kill the jackal!
You feel better.
You hit the bush but do no damage. x2
The gnoll hits you with a +1 flail of freezing!
The gnoll freezes you.
The gnoll hits you with a +1 flail of freezing.
* * * LOW HITPOINT WARNING * * *
The gnoll freezes you.
* * * LOW HITPOINT WARNING * * *
You slash the gnoll! You hit the bush but do no damage. You hit the bush.
The gnoll hits you with a +1 flail of freezing!
* * * LOW HITPOINT WARNING * * *
You closely miss the gnoll. You hit the bush.
You hit the bush but do no damage.
The gnoll hits you with a +1 flail of freezing!
You die...

..# #.##########
#.#........#
####.#.######.#####
#....>..).........#
#.##.#.........####
##.##.#######...#
......# #...P#+#+#
##.#### ##...@g..#
#.# ##.P#†..#
#.#### #..#...#
#....# #..#####
####.# #+## #.#
##.# ##..##
###....###


You could see a gnoll.

Vanquished Creatures
  4 ball pythons
  An endoplasm (D:1)
  3 giant cockroaches (D:1)
  5 goblins (D:1)
  2 hobgoblins (D:1)
  4 jackals
  4 kobolds
  A quokka (D:2)
  2 bats (D:1)
  2 frilled lizards (D:1)
  2 rats (D:2)
30 creatures vanquished.

Notes
Turn   | Place    | Note
-------+----------+-------------------------------------------
     0 | D:1      | n0claF the Ghoul Fighter began the quest for the Orb.
     0 | D:1      | Reached XP level 1. HP: 19/19 MP: 0/0
   255 | D:1      | Reached XP level 2. HP: 26/26 MP: 1/1
   437 | D:1      | Found a faded altar of an unknown god.
   845 | D:1      | Reached XP level 3. HP: 22/31 MP: 2/2
  1625 | D:2      | Mangled by a gnoll

Illustrated notes

Levels and vault maps discovered:
D:1:      dpeg_arrival_tiny_j, layout_loops_ring, ebering_ecumenical_altar_rust
D:2:      layout_loops_corners, cheibrodos_gnoll_hut

Skill      XL: |  1  2  3 |
---------------+----------+-----
Axes           | 2 |  2.5
Shields        | 3 |  3.0
Fighting       | |  3.6
Armour         | |  2.9

Action                   || total
-------------------------++-------
Melee: War axe           ||   145
Armor: Scale mail        ||    70
Dodge: Dodged            ||    53
Block: Kite shield       ||    76

Table legend: (Time is in decaauts)
 A = Elapsed time spent in this place.
 B = Non-inter-level travel time spent in this place.
 C = Inter-level travel time spent in this place.
 D = Time resting spent in this place.
 E = Time spent auto-exploring this place.
 F = Levels seen in this place.
 G = Mean time per level.
                   A        B        C        D        E       F      G
               +--------+--------+--------+--------+--------+-----+--------+
         Total |   1717 |   1693 |     24 |      0 |   1377 |   2 |  858.5 |
       Dungeon |   1717 |   1693 |     24 |      0 |   1377 |   2 |  858.5 |
               +--------+--------+--------+--------+--------+-----+--------+

Top non-repeatable levels by time:
     D:1: 1301 daAuts
     D:2: 416 daAuts
